 Dungeon Crawl Stone Soup version 0.31-a0-267-g3fc6992b3b (webtiles) character file.

Game seed: 7627161149468507628

76 qw the Shooter (level 4, 0/26 HPs)
             Began as a Gargoyle Hexslinger on July 14, 2023.
             Killed from afar by an orc wizard (5 damage)
             ... with a magic dart
             ... on level 3 of the Dungeon.
             The game lasted 00:00:39 (2154 turns).

qw the Shooter (Gargoyle Hexslinger)                Turns: 2154, Time: 00:00:39

Health: 0/26       AC:  7    Str: 11    XL:     4   Next: 32%
Magic:  5/5        EV: 11    Int: 14    God:
Gold:   56         SH:  0    Dex: 14    Spells: 4/5 levels left

rFire   . . .        Y - +1 sling
rCold   . . .        (no shield)
rNeg    + . .        b - +0 leather armour
rPois   inf          d - +0 helmet
rElec   +            (no cloak)
rCorr   .            (no gloves)
SInv    .            (no boots)
Will    .....        (no amulet)
Stlth   +            (no ring)
HPRegen 0.24/turn    (no ring)
MPRegen 0.09/turn

%: no passive effects
@: no status effects
A: sickness immunity, AC +3, negative energy resistance 1, electricity
resistance, torment resistance 1, petrification resistance
a: no special abilities


You were on level 3 of the Dungeon.
You visited 1 branch of the dungeon, and saw 3 of its levels.

You collected 100 gold pieces.
You spent 44 gold pieces at shops.


Innate Abilities, Weirdness & Mutations

You are immune to sickness and miasma.
Your stone body is resilient. (AC +3)
You are immune to poison.
You resist negative energy. (rN+)
You are resistant to electric shocks. (rElec)
You are resistant to unholy torment.
You are immune to petrification.


   Skills:
 - Level 2.3 Fighting
 + Level 4.0 Ranged Weapons
 - Level 1.5 Dodging
 - Level 1.0 Spellcasting
 - Level 2.6 Hexes


You had 4 spell levels left.
You knew the following spells:

 Your Spells              Type           Power      Damage    Failure   Level
a - Slow                  Hex            32%        N/A       12%         1

Your spell library contained the following spells:

 Spells                   Type           Power      Damage    Failure   Level
 Inner Flame              Hex/Fire       4%         N/A       52%         3
 Portal Projectile        Hex/Tloc       8%         N/A       52%         3
 Cause Fear               Hex            4%         N/A       75%         4

Inventory:

Hand Weapons
 Y - a +1 sling (weapon)
Armour
 b - a +0 leather armour (worn)
 d - a +0 helmet (worn)
Scrolls
 f - 3 scrolls of identify
Potions
 a - a potion of heal wounds {unknown}

Dungeon Overview and Level Annotations

Branches:
Dungeon (3/15)

Altars:

Shops:
D:1 ?


Message History

You kill the kobold!
The orc wizard points at you and mumbles some strange words.
You resist with some effort.
You shoot a sling bullet.
The sling bullet hits the orc wizard but does no damage.
You shoot a sling bullet.
The sling bullet barely misses the orc wizard.
The sling bullet hits the orc.
The orc is heavily wounded.
The orc wizard casts a spell at you.
The puff of flame hits you but does no damage.
You shoot a sling bullet. The sling bullet hits the orc!
You kill the orc!
The orc wizard hits you with a +0 dagger.
Your Ranged Weapons skill increases to level 4!
You shoot a sling bullet. The sling bullet misses the orc wizard.
The orc wizard points at you and mumbles some strange words.
The puff of flame hits you.
You shoot a sling bullet.
The sling bullet barely misses the orc wizard.
The orc hits you with a +0 club.
The orc wizard hits you with a +0 dagger.
You shoot a sling bullet.
The sling bullet hits the orc wizard but does no damage.
The orc wizard hits you but does no damage.
The orc hits you but does no damage.
You shoot a sling bullet.
The sling bullet closely misses the orc wizard.
The orc closely misses you.
The orc wizard hits you with a +0 dagger.
The orc wizard hits you but does no damage.
The orc closely misses you.
A kobold comes into view.
It is wielding a +1 short sword of distortion.
You shoot a sling bullet. The kobold shouts!
The sling bullet hits the orc wizard.
The orc wizard is lightly wounded.
The orc wizard gestures at you while chanting.
The magic dart hits you.
You die...

.... <. .# ..
....##.#.# #...
......#.# #.#.#
#.#..K.#
.#.#.#.#.....
#.#.#.#.#.).###
.#.#.#.#...oo.#
#.#.#.#.##..@%###+
#.#.#.#%....)...?..
.#.#.#.##..........
#.#.#%#.#..........
#.#.#.##....###+##
#.#.#.#....# #.#
#########
#.#.#.##....# #.#
#........
#.#.#.#.#....# #.#
#........
#####...#....# #.#
#........


You could see an orc wizard, an orc and a kobold.

Vanquished Creatures
  3 gnolls (D:2)
  A dart slug (D:3)
  2 orcs (D:3)
  2 ball pythons (D:2)
  4 endoplasms
  2 giant cockroaches
  2 goblins (D:1)
  2 hobgoblins
  3 jackals (D:2)
  6 quokkas
  A bat (D:1)
  A frilled lizard (D:1)
  6 kobolds
  5 rats
40 creatures vanquished.

Notes
Turn   | Place    | Note
-------+----------+-------------------------------------------
     0 | D:1      | qw the Gargoyle Hexslinger began the quest for the Orb.
     0 | D:1      | Reached XP level 1. HP: 12/12 MP: 2/2
     0 | D:1      | 0 ||| qw: Version: 0.3-a-52-g30416fa
     0 | D:1      | 0 ||| qw: Game counter: 7854
     0 | D:1      | 0 ||| qw: Melee chars always use a shield: true
     0 | D:1      | 0 ||| qw: God list: Okawaru
     0 | D:1      | 0 ||| qw: Allow faded altars: false
     0 | D:1      | 0 ||| qw: Do Orc after clearing Dungeon:15 true
     0 | D:1      | 0 ||| qw: Do second Lair branch before Depths: true
     0 | D:1      | 0 ||| qw: Lair rune preference: random
     0 | D:1      | 0 ||| qw: Goals: Normal
     0 | D:1      | 0 ||| PLANNING D:1-11
   129 | D:1      | Reached XP level 2. HP: 16/16 MP: 3/3
   608 | D:1      | Reached skill level 3 in Ranged Weapons
   620 | D:1      | Found Metau's Magic Scroll Boutique.
   631 | D:1      | 631 ||| SHOPLISTING scroll of enchant weapon (82 gold, have
                  | 59).
   631 | D:1      | 631 ||| BUYING scroll of identify (22 gold).
   631 | D:1      | Bought a scroll of identify for 22 gold pieces
   631 | D:1      | 631 ||| BUYING scroll of identify (22 gold).
   631 | D:1      | Bought a scroll of identify for 22 gold pieces
   631 | D:1      | 631 ||| SHOPLISTING scroll of identify (22 gold, have 15).
   631 | D:1      | 631 ||| SHOPLISTING scroll of teleportation (33 gold, have
                  | 15).
   893 | D:1      | 893 ||| UPGRADING to +0 helmet.
   898 | D:1      | 898 ||| DRINKING 2 sapphire potions.
   899 | D:1      | 899 ||| DROPPING scroll of poison.
   900 | D:1      | 900 ||| DROPPING potion of magic.
  1205 | D:2      | Reached XP level 3. HP: 17/21 MP: 4/4
  1207 | D:2      | HP: 4/21 [gnoll/+0 club (6)]
  1211 | D:2      | HP: 1/21 [gnoll/+0 club (3)]
  1556 | D:2      | Reached XP level 4. HP: 26/26 MP: 5/5
  2023 | D:2      | 2023 ||| UPGRADING to +0 leather armour.
  2033 | D:2      | 2033 ||| DROPPING +0 robe.
  2034 | D:2      | 2034 ||| READING scroll labelled CEYMEA COLICH.
  2039 | D:2      | 2039 ||| READING 3 scrolls labelled EWAOKH WOTEBAUN.
  2040 | D:2      | 2040 ||| DROPPING 2 scrolls of amnesia.
  2150 | D:3      | Reached skill level 4 in Ranged Weapons
  2151 | D:3      | HP: 6/26 [orc wizard/+0 dagger (3)]
  2154 | D:3      | Killed from afar by an orc wizard

Levels and vault maps discovered:
D:1:      roderic_crop_circles_arrival_small, layout_loops_ring, serial_shops,
          shop, minmay_door_square
D:2:      layout_loops_corners
D:3:      layout_basic, gammafunk_temple_overflow_forgotten, minivault_23,
          uniq_jessica

Skill      XL: |  1  2  3  4 |
---------------+-------------+-----
Ranged Weapons | 3 4 |  4.0
Fighting       | 2 |  2.3
Dodging        | |  1.5
Spellcasting   | |  1.0
Hexes          | |  2.6

Action                     |  1- 3 |  4- 6 || total
---------------------------+-------+-------++-------
   Fire: Sling             |    97 |    49 ||   146
    Use: Potion            |     1 |       ||     1
         Scroll            |       |     2 ||     2
 Armour: Robe              |    20 |       ||    20
         Leather armour    |       |    21 ||    21
  Dodge: Dodged            |    29 |    17 ||    46

Table legend:
 A = Non-vault XP
 B = Vault XP
 C = Vault XP percentage of total XP
 D = Non-vault monster count
 E = Vault monster count
 F = Vault count percentage of total count
                 A         B        C        D         E       F
            +---------+---------+-------+---------+---------+-------
      Total |     109 |       0 |   0.0 |      40 |       0 |   0.0
            +---------+---------+-------+---------+---------+-------
        D:1 |      26 |       0 |   0.0 |      17 |       0 |   0.0
        D:2 |      65 |       0 |   0.0 |      15 |       0 |   0.0
        D:3 |      18 |       0 |   0.0 |       8 |       0 |   0.0
            +---------+---------+-------+---------+---------+-------
